Map: Lerilak Crest

Players

FanTaSy - Winner!

  • Race: Terran Terran
  • League: Grandmaster

True

  • Race: Zerg Zerg
  • League: Grandmaster

Event: Team Gravity's Fight Night #39

VOD

Have the link to the VOD?

Description

Time

  • Played on: Nov. 20, 2015, 7:49 p.m.
  • Length: 14:55

All games in this series

Show
View Real Time Build Order
Export as new Build Order

FanTaSy Terran - Winner!

Build Orders: Reaper Expand, Hellion Banshee, MMM Bio 

Get SALT Encoding   

  12  0:00  SCV  
  13  0:12  SCV  
  14  0:17  Supply Depot  
  14  0:25  SCV  
  15  0:39  SCV  
  15  0:41  Barracks  
  16  0:45  Refinery  
  16  0:51  SCV  
  17  1:03  SCV  
  18  1:15  SCV  
  19  1:28  Reaper, Orbital Command  
  20  1:40  Command Center  
  20  1:52  Supply Depot  
  20  1:54  SCV  
  21  2:00  Marine  
  22  2:06  SCV  
  23  2:16  Factory  
  23  2:18  SCV  
  23  2:20  Refinery  
  24  2:25  Barracks Reactor  
  24  2:30  SCV  
  25  2:42  SCV  
  26  2:54  SCV, Orbital Command  
  27  3:00  Starport  
  27  3:07  Hellion x2  
  27  3:08  SCV, Barracks Tech Lab  
  32  3:16  Supply Depot  
  32  3:20  SCV x2  
  34  3:28  Hellion x2  
  38  3:34  SCV x2  
  40  3:42  Barracks Tech Lab  
  40  3:48  Banshee  
  40  3:49  SCV  
  40  3:50  SCV  
  40  3:53  Hellion x2  
  49  3:56  Supply Depot  
  48  4:03  SCV x2  
  48  4:07  Marine  
  48  4:08  Stimpack  
  51  4:11  Bunker  
  51  4:15  SCV x2  
  53  4:18  Liberator  
  53  4:19  Supply Depot  
  53  4:27  SCV x2  
  53  4:30  Marine  
  56  4:34  Command Center  
  59  4:39  SCV x2  
  61  4:50  Marine  
  61  4:52  SCV x2, Barracks x2  
  64  4:53  Factory Reactor  
  64  4:55  Supply Depot  
  64  5:03  Refinery x2  
  64  5:05  Liberator  
  64  5:06  SCV  
  64  5:07  SCV  
  66  5:13  Marine  
  67  5:15  Engineering Bay x2  
  67  5:21  SCV x2  
  72  5:32  Marine  
  72  5:35  SCV x2  
  75  5:41  Factory Reactor, Missile Turret x2  
  75  5:42  Terran Infantry Weapons Level 1, Terran Infantry Armor Level 1  
  75  5:45  Missile Turret  
  75  5:47  Orbital Command  
  75  5:48  SCV  
  75  5:49  SCV, Marine  
  77  5:50  Marine  
  77  5:53  Marine x2  
  77  5:54  Marine  
  82  6:03  SCV  
  80  6:05  SCV  
  80  6:08  Combat Shields, Marine  
  80  6:09  Marine  
  80  6:11  Marine x3  
  86  6:20  SCV x2  
  86  6:21  Orbital Command  
  86  6:22  Supply Depot  
  86  6:23  Supply Depot  
  86  6:24  Supply Depot  
  88  6:28  Factory Reactor, Marine x3  
  88  6:29  Marine x2  
  93  6:44  SCV x2  
  95  6:47  SCV  
  95  6:49  Marine x5  
  95  6:51  Medivac x2  
  105  6:55  Supply Depot  
  105  6:56  Supply Depot, SCV x2  
  105  6:59  Armory  
  105  7:04  SCV  
  105  7:05  Widow Mine  
  105  7:06  Widow Mine  
  105  7:08  SCV x2  
  112  7:10  Missile Turret  
  112  7:11  Marine x5  
  117  7:21  SCV x3, Barracks  
  120  7:23  Barracks  
  117  7:33  SCV x3  
  117  7:34  Medivac x2  
  124  7:39  Marine x5  
  124  7:40  Widow Mine x2  
  133  7:47  Terran Infantry Weapons Level 2, Terran Infantry Armor Level 2  
  133  7:54  Supply Depot  
  133  7:55  Supply Depot  
  133  7:56  SCV x3, Supply Depot  
  136  8:02  Marine x5  
  141  8:08  Medivac  
  140  8:15  Medivac, Widow Mine x2  
  146  8:24  Marine x4  
  146  8:25  Barracks Reactor x2  
  146  8:26  Marine  
  151  8:33  Barracks  
  151  8:36  Barracks  
  151  8:38  Barracks  
  151  8:39  Supply Depot x2  
  151  8:40  Supply Depot  
  151  8:41  Concussive Shells  
  151  8:47  Marauder, Marine x4  
  157  8:49  Widow Mine x2  
  157  8:50  Medivac x2  
  165  8:59  Command Center  
  165  9:03  Supply Depot  
  165  9:05  Supply Depot  
  165  9:06  Orbital Command  
  164  9:20  Marauder x2, Marine x8  
  164  9:23  SCV x2  
  148  9:32  SCV  
  148  9:35  SCV x2  
  148  9:36  Widow Mine x2  
  148  9:37  Medivac x2  
  159  9:44  SCV  
  159  9:55  Barracks Tech Lab x2, Marine x2, Marauder x2  
  159  9:56  Marine x6  
  153  10:07  Widow Mine x2  
  153  10:09  Medivac x2  
  143  10:14  Marauder  
  143  10:15  Marauder  
  143  10:16  Marine x10  
  130  10:34  Terran Infantry Weapons Level 3, Terran Infantry Armor Level 3  
  128  10:35  Widow Mine x2  
  128  10:39  Medivac x2  
  136  10:54  Marauder, Marine x4  
  136  10:55  Marauder x3  
  136  10:56  Marine  
  138  11:16  Marine x2, Marauder  
  138  11:17  Marauder x3, Marine x4  
  142  11:21  Liberator x2  
  115  11:25  Marine x2  
  109  11:34  Marine x2  
  109  11:37  Widow Mine x2  
  117  11:43  Refinery  
  117  11:46  Marine x5  
  122  11:53  Marine x3  
  122  11:54  Marine  
  126  11:55  Marine x3  
  129  12:03  Marine  
  129  12:04  Liberator x2  
  129  12:08  Widow Mine x2  
  132  12:33  Marauder x4  
  132  12:34  Marine x7  
  147  12:38  Marine  
  148  12:46  Widow Mine x2  
  148  12:47  Liberator  
  152  12:56  Marauder x4, Marine x8  
  168  13:02  Liberator  
  143  13:41  Marauder x4  
  143  13:43  Marine  
  115  14:06  Marauder x3  
  102  14:20  Medivac  
  102  14:33  Marine, Marauder x2  
Show
View Real Time Build Order
Export as new Build Order

True Zerg 

Build Orders: Hatch First, Muta Ling Bane 

Get SALT Encoding   

  12  0:00  Drone  
  13  0:12  Overlord  
  13  0:16  Drone  
  14  0:31  Drone x2  
  14  0:34  Drone  
  17  0:51  Hatchery  
  17  0:54  Drone  
  17  1:07  Spawning Pool  
  17  1:10  Extractor  
  15  1:12  Drone  
  15  1:15  Drone  
  15  1:18  Drone  
  18  1:27  Overlord  
  18  1:40  Drone  
  19  1:54  Queen  
  19  1:55  Zergling x2  
  19  1:59  Zergling x2  
  23  2:02  Queen  
  23  2:04  Drone  
  26  2:09  Metabolic Boost  
  26  2:14  Drone x2  
  28  2:22  Drone  
  29  2:26  Overlord  
  29  2:30  Queen  
  29  2:33  Drone  
  29  2:36  Drone  
  32  2:43  Drone  
  33  2:45  Drone  
  34  2:55  Drone  
  34  2:57  Drone  
  36  3:00  Lair  
  37  3:05  Drone x3  
  37  3:08  Drone  
  37  3:10  Overlord  
  37  3:12  Drone  
  41  3:14  Drone  
  41  3:16  Drone  
  43  3:26  Extractor  
  43  3:27  Drone  
  43  3:28  Spine Crawler  
  43  3:29  Drone  
  43  3:30  Drone  
  43  3:31  Drone  
  45  3:38  Drone x3  
  45  3:40  Drone  
  49  3:42  Drone x2, Extractor  
  49  3:43  Drone  
  51  3:49  Overlord  
  51  4:03  Spire  
  51  4:07  Baneling Nest, Queen  
  51  4:13  Zergling x12  
  57  4:18  Drone x2  
  57  4:21  Extractor  
  58  4:28  Drone  
  58  4:30  Hatchery  
  58  4:37  Drone  
  59  4:39  Overlord  
  59  4:42  Overseer  
  59  4:54  Overlord x2  
  59  5:05  Overseer  
  59  5:07  Zergling x2  
  59  5:08  Zergling x4  
  59  5:10  Overlord  
  62  5:16  Mutalisk x3  
  62  5:17  Mutalisk x2  
  62  5:21  Mutalisk  
  74  5:29  Drone  
  74  5:30  Drone x5  
  80  5:41  Drone x2  
  81  5:44  Drone x4  
  85  5:50  Drone x3  
  85  5:52  Drone, Centrifical Hooks  
  85  5:53  Drone  
  90  5:57  Drone  
  90  6:04  Drone x2  
  92  6:06  Drone  
  92  6:08  Evolution Chamber  
  92  6:09  Evolution Chamber  
  92  6:27  Drone  
  92  6:28  Drone x4, Extractor  
  92  6:29  Overlord x2  
  92  6:30  Extractor  
  92  6:31  Drone  
  96  6:33  Hatchery, Overlord  
  95  6:41  Overlord  
  95  6:42  Zerg Ground Armor Level 1, Zerg Melee Weapons Level 1  
  95  6:45  Overlord  
  95  6:48  Queen  
  95  6:49  Zergling x2  
  95  6:50  Zergling x8  
  95  6:52  Zergling x4  
  104  7:00  Zergling x4  
  104  7:01  Zergling x10  
  111  7:17  Zergling x12  
  117  7:23  Overlord  
  117  7:37  Baneling  
  117  7:38  Mutalisk x6, Baneling x7  
  117  7:40  Overlord  
  129  7:45  Baneling x8  
  129  7:46  Mutalisk x4  
  129  7:47  Zergling x2  
  129  7:48  Zergling x8  
  142  7:56  Zergling x2  
  142  7:57  Overlord  
  143  7:59  Overlord  
  143  8:00  Overlord  
  142  8:06  Overlord, Drone  
  142  8:07  Drone  
  142  8:08  Drone  
  142  8:09  Overlord x2  
  143  8:18  Baneling  
  143  8:19  Zergling x2, Baneling x11  
  145  8:20  Zergling x18  
  145  8:22  Zergling x2  
  148  8:33  Mutalisk  
  148  8:34  Mutalisk  
  148  8:39  Zerg Ground Armor Level 2, Zergling x6  
  148  8:40  Zerg Melee Weapons Level 2  
  148  8:41  Zergling x6  
  158  8:43  Zergling x2  
  158  8:46  Zergling x4  
  158  8:47  Zergling x2  
  162  8:49  Baneling x4  
  162  8:53  Zergling x4  
  164  8:56  Zergling x2  
  164  9:00  Mutalisk x2  
  164  9:01  Mutalisk  
  171  9:04  Zergling x4  
  171  9:05  Baneling x2  
  171  9:06  Zergling x2  
  174  9:12  Zergling x2  
  158  9:36  Mutalisk x2  
  160  9:43  Zergling x30  
  160  9:44  Infestation Pit  
  160  9:45  Overlord  
  174  9:46  Zergling x2  
  174  9:49  Overlord  
  174  9:50  Hatchery  
  174  9:51  Zergling x2  
  175  10:00  Baneling x9  
  175  10:05  Zergling x2  
  159  10:07  Zergling x2  
  159  10:08  Zergling x6  
  159  10:10  Zergling x2  
  159  10:12  Zergling x8  
  142  10:16  Zergling x2  
  142  10:17  Zergling x2  
  142  10:20  Zergling x4  
  130  10:23  Mutalisk  
  130  10:24  Mutalisk  
  130  10:26  Zergling x2  
  130  10:27  Zergling x2  
  129  10:29  Baneling x8  
  129  10:30  Zergling x8, Baneling x5  
  129  10:31  Zergling x2  
  134  10:36  Baneling x7  
  134  10:37  Baneling  
  134  10:41  Baneling x3  
  134  10:42  Zergling x2, Baneling  
  135  10:44  Zergling x6  
  135  10:47  Zergling x6  
  138  10:55  Baneling x11  
  137  10:58  Overseer  
  129  11:06  Baneling x6  
  129  11:07  Zergling x12, Baneling  
  134  11:15  Zergling x6  
  134  11:16  Zergling x4  
  134  11:17  Zergling x6  
  120  11:26  Mutalisk x2  
  120  11:27  Mutalisk x2  
  120  11:31  Mutalisk  
  124  11:41  Baneling x6  
  124  11:42  Zergling x14  
  124  11:43  Zergling x2  
  124  11:46  Zergling x2  
  133  11:47  Zergling x2  
  133  11:48  Zergling x2  
  135  11:56  Zergling x8  
  135  11:58  Zergling x6  
  135  12:01  Baneling x5  
  142  12:04  Zergling x2  
  142  12:08  Zergling x4  
  142  12:09  Zergling x2  
  142  12:11  Zergling x2  
  140  12:32  Hive  
  140  12:34  Overseer  
  138  12:38  Baneling x4  
  138  12:39  Baneling x5  
  138  12:41  Pneumatized Carapace  
  138  12:45  Drone  
  138  12:46  Drone x2  
  138  12:51  Zergling x2, Baneling x6  
  141  12:52  Zergling x30  
  141  12:56  Zergling x2  
  158  12:58  Zergling x2  
  158  13:01  Zergling x4  
  158  13:02  Zergling x6  
  158  13:06  Zergling x2  
  158  13:07  Zergling x2  
  158  13:08  Zergling x2  
  159  13:22  Baneling x17  
  159  13:24  Zergling x14  
  159  13:25  Zergling x6  
  169  13:28  Zergling x2  
  169  13:32  Zergling x2  
  159  13:34  Baneling x2  
  159  13:35  Baneling x4  
  159  13:36  Baneling x10  
  159  13:38  Zergling x2  
  159  13:40  Zergling x2  
  146  13:43  Zergling x4  
  146  13:46  Baneling x4  
  146  13:47  Baneling  
  138  13:49  Zergling x2  
  129  13:57  Zergling x4  
  129  14:00  Zergling x4  
  113  14:05  Mutalisk  
  98  14:10  Baneling x3  
  98  14:13  Baneling x2  
  98  14:14  Baneling  
  98  14:16  Zergling x2  
  97  14:20  Baneling x5  
  97  14:21  Baneling  
  97  14:22  Zergling x2  
  93  14:24  Zergling x2  
  93  14:30  Zergling x2  
  87  14:32  Zergling x2  
  87  14:33  Zergling x4  
  87  14:35  Zergling x4  
  87  14:36  Zergling x2  
  87  14:38  Zergling x2  

Tags
 
Add a new tag
Caveats
  • Supply blocks, unpowered buildings, or Contaminate may cause inaccurate times.
  • Supply counts are checked every 10 seconds.